 Dungeon Crawl Stone Soup version 0.30-a0-341-g682706514a (webtiles) character file.

Game seed: 3710964660996892108

105858 Elric the Impaler (level 16, -8/114 HPs)
             Began as a Merfolk Fighter on Nov 3, 2022.
             Was the Champion of Hepliaklqana.
             Killed by an exploding bloated husk (34 damage)
             ... set off by their pet
             ... on level 4 of the Swamp.
             The game lasted 01:09:29 (27676 turns).

Elric the Impaler (Merfolk Fighter)                Turns: 27676, Time: 01:09:33

Health: -8/114     AC: 30    Str: 24    XL:     16   Next: 42%
Magic:  23/24      EV: 15    Int: 11    God:    Hepliaklqana [******]
Gold:   2011       SH: 19    Dex: 16    Spells: 26/26 levels left

rFire   + + +      SeeInvis .    j - +5 demon trident (elec)
rCold   x . .      Faith    .    I - +2 kite shield {reflect}
rNeg    . . .      Spirit   .    X - +7 fire dragon scales
rPois   +          Reflect  +    O - +0 helmet {Int+3}
rElec   .          Harm     .    o - +0 cloak
rCorr   .          Rampage  .    M - +1 pair of gloves {Dex+3}
Will    +....      Clarity  +    s - +0 pair of boots
Stlth   +++.......               u - amulet of reflection
HPRegen 0.39/turn                E - ring of poison resistance
MPRegen 0.19/turn                z - +4 ring of protection

@: studying Stealth
A: reduced essence, (nimble swimmer 2), mertail, clarity, fire resistance 1,
subdued magic 1, MP-powered wands
a: Renounce Religion, Recall Ancestor, Ancestor Identity, Transference, Idealise


You were on level 4 of the Swamp.
You worshipped Hepliaklqana.
Hepliaklqana was exalted by your worship.
You visited 5 branches of the dungeon, and saw 27 of its levels.

You collected 2549 gold pieces.
You spent 538 gold pieces at shops.

Inventory:

Hand Weapons
 a - a +2 trident
 j - a +5 demon trident of electrocution (weapon)
Missiles
 G - 3 throwing nets (quivered)
Armour
 o - a +0 cloak (worn)
 s - a +0 pair of boots (worn)
 I - a +2 kite shield of reflection (worn)
 M - a +1 pair of gloves of dexterity (worn)
 O - a +0 helmet of intelligence (worn)
 X - +7 fire dragon scales (worn)
Jewellery
 q - a ring of see invisible
 u - an amulet of reflection (around neck)
 v - a +4 ring of evasion
 z - a +4 ring of protection (right hand)
 E - a ring of poison resistance (left hand)
 V - a ring of flight
Wands
 d - a wand of charming (24)
 f - a wand of polymorph (10)
 B - a wand of flame (43)
 C - a wand of light (38)
 F - a wand of roots (28)
 L - a wand of mindburst (27)
Scrolls
 b - a scroll of torment
 c - 3 scrolls of silence
 g - 7 scrolls of immolation
 i - a scroll of enchant weapon
 n - 14 scrolls of teleportation
 t - 2 scrolls of amnesia
 y - a scroll of butterflies
 H - 4 scrolls of vulnerability
 K - 3 scrolls of poison
 T - 9 scrolls of identify
 W - a scroll of summoning
 Y - 2 scrolls of magic mapping
 Z - 2 scrolls of blinking
Potions
 e - 4 potions of cancellation
 h - 3 potions of lignification
 k - 2 potions of heal wounds
 l - 3 potions of magic
 m - 3 potions of mutation
 p - 12 potions of curing
 r - 4 potions of berserk rage
 x - 4 potions of haste
 A - 4 potions of ambrosia
 D - 3 potions of resistance
 N - 5 potions of flight
 P - 3 potions of might


   Skills:
 * Level 12.2 Fighting
 + Level 16.0 Polearms
 - Level 11.4 Armour
 - Level 12.3 Dodging
 - Level 10.0 Stealth
 - Level 10.5 Shields
 + Level 5.6 Spellcasting
 - Level 9.1 Invocations
 - Level 8.3 Evocations


You had 26 spell levels left.
You didn't know any spells.
Your spell library contained the following spells:

 Spells                   Type           Power      Damage    Failure   Level
 Beastly Appendage        Tmut           4%         N/A       67%         1
 Slow                     Hex            8%         N/A       67%         1
 Cigotuvi's Dreadful Rot  Necr/Pois/Air  4%         N/A       82%         2
 Wereblood                Tmut           2%         N/A       82%         2
 Confusing Touch          Hex            2%         N/A       96%         3
 Dazzling Flash           Conj/Hex       4%         N/A       96%         3
 Gell's Gravitas          Tloc           2%         N/A       96%         3
 Inner Flame              Hex/Fire       2%         N/A       96%         3
 Kindle Blastsparks       Fire/Tloc/Air  4%         2d10      96%         3
 Portal Projectile        Hex/Tloc       4%         N/A       96%         3
 Spider Form              Tmut/Pois      2%         N/A       96%         3
 Teleport Other           Tloc           2%         N/A       96%         3
 Tukima's Dance           Hex            2%         N/A       96%         3
 Vampiric Draining        Necr           2%         2d6       96%         3
 Dispel Undead            Necr           2%         3d7       100%        4
 Flame Wave               Conj/Fire      2%         2d4       100%        4
 Fulminant Prism          Conj/Hex       1%         3d5       100%        4
 Iskenderun's Mystic Bla  Conj/Tloc      2%         2d3       100%        4
 Leda's Liquefaction      Hex/Erth       1%         N/A       100%        4
 Passage of Golubria      Tloc           2%         N/A       100%        4
 Sticky Flame             Conj/Fire      2%         2d3       100%        4
 Agony                    Necr           2%         N/A       100%        5
 Blade Hands              Tmut           1%         N/A       100%        5
 Lee's Rapid Deconstruct  Erth           1%         3d4*      100%        5
 Silence                  Hex/Air        1%         N/A       100%        5
 Death Channel            Necr           1%         N/A       100%        6
 Dispersal                Tloc           1%         N/A       100%        6
 Starburst                Conj/Fire      1%         6d3       100%        6
 Statue Form              Tmut/Erth      1%         N/A       100%        6
 Lehudib's Crystal Spear  Conj/Erth      1%         10d2      100%        8


Dungeon Overview and Level Annotations

Branches:
Dungeon (15/15)            Temple (1/1) D:4            Lair (5/5) D:9
  Swamp (4/4) Lair:3       Spider (0/4) Lair:2        Slime (0/5) Lair:5
    Orc (2/2) D:12            Elf (0/3) Orc:2        Vaults (0/5) D:14
 Depths (0/4) D:15

Altars:
Ashenzari
Cheibriados
Dithmenos
Elyvilon
Fedhas
Gozag
Hepliaklqana
Kikubaaqudgha
Makhleb
Nemelex Xobeh
Okawaru
Qazlal
Ru
Sif Muna
Trog
Uskayaw
Vehumet
Wu Jian
Xom
Yredelemnul
Zin
The Shining One
Jiyva

Shops:
D:5 *   Orc:1 ?:(=   Orc:2 =[*[(

Annotations:
D:15 2 runed translucent doors, Omyecom's ghost, journeyman DsFi
Swamp:3 Mara; Roxanne


Innate Abilities, Weirdness & Mutations

Your life essence is reduced to manifest your ancestor. (-10% HP)
((You are very nimble when in or above water. (Stealth+, EV+, Speed+++)))
Your lower body shifts to a powerful aquatic tail in water.
You possess an exceptional clarity of mind.
Your flesh is heat resistant. (rF+)
Your spells are a little easier to cast, but a little less powerful.
You expend magic power (3 MP) to strengthen your wands.


Message History

The fenstrider witch is heavily wounded.
You fester in the toxic bog.
You partially resist.
You are more poisoned.
You feel very sick.
A swamp dragon comes into view.
Plamsamin closely misses the fenstrider witch.
The fenstrider witch points at you and mumbles some strange words.
The toxic sludge hits you!
You are more poisoned.
You partially resist.
* * * LOW HITPOINT WARNING * * *
You feel better.
You fester in the toxic bog!
You partially resist.
You are poisoned.
You feel sick.
You block the fenstrider witch's attack.
The fenstrider witch barely misses you.
Plamsamin barely misses the fenstrider witch.
Okay, then.
As you read the scroll of summoning, it crumbles to dust.
Wisps of shadow whirl around you...
You fester in the toxic bog!
You partially resist.
You are more poisoned.
You feel sick.
The fenstrider witch gestures at you while chanting.
You barely resist.
Plamsamin hits the fenstrider witch with a +0 broad axe of flaming!
Plamsamin burns the fenstrider witch.
You feel better.
Your +0 pair of boots unmelds from your body.
The fenstrider witch casts a spell at you.
You struggle to resist.
Plamsamin misses the fenstrider witch.
Your bloated husk dissolves into shadows!
Your bloated husk explodes!
The blast of putrescent gases engulfs the fenstrider witch!!
The fenstrider witch dies!
You hear a splash. x2
A fenstrider witch bone magically twists into a wand of flame (14).
The blast of putrescent gases engulfs Plamsamin!!
The blast of putrescent gases engulfs your goliath frog!!
The blast of putrescent gases engulfs you!!
You die...

♣~.~~~~..≈≈≈≈≈≈≈.~~
♣.~~~~..≈≈≈≈≈≈≈≈≈~.
♣§~~~~.≈≈≈≈≈≈≈≈≈.~§
♣♣♣.~§.♣.≈≈≈≈≈≈≈≈≈...
♣♣♣~~...~♣.≈≈≈≈≈≈.≈≈~~.
~..~...§~.♣..≈≈.....~~~
♣~.♣♣♣~.~~.♣.......~~§~
~ ♣§†<.~.♣♣......~~~.
♣♣..@R~./~..~~~~~~.
♣~.x/~~~..~~~.....
♣~~~F~~D~~~~~~!~.~
♣~~~~~~~~~~P~~~~~~
♣.~~~~~~~~~§~~~~~.
♣♣.~~~~~~~~~~~~~.
♣♣..~~~~~§.~§~~
♣♣♣.~~~~~~~~~.


You could see the friendly Plamsamin the knight, a swamp dragon (ally target), a
friendly bunyip (summoned) and a friendly goliath frog (summoned).

Vanquished Creatures
  Bai Suzhen (Swamp:3)
  Nikola (Swamp:1)
  Jorgrun (Swamp:3)
  An orc warlord (Orc:2)
  Louise (D:15)
  A stone giant (D:15)
  Nessos (Orc:2)
  5 eleionomae
  A bunyip (Swamp:2)
  Snorg (Lair:4)
  A fire dragon (D:15)
  4 hydras
  8 vault guards (D:14)
  3 catoblepae
  Erica (Lair:1)
  A ghost crab (Swamp:3)
  5 centaur warriors
  3 alligators
  2 tengu warriors (D:15)
  2 two-headed ogres
  2 boulder beetles
  2 orc high priests (Orc:2)
  A deep troll (shapeshifter) (D:15)
  A spriggan druid (Swamp:3)
  4 orc knights
  Pikel (D:4)
  A wizard (D:14)
  3 harpies (D:15)
  3 deep elf pyromancers
  An oklob plant (Lair:3)
  2 will-o-the-wisps
  6 ugly things
  2 orc sorcerers (Orc:1)
  5 cyclopes
  A manticore (D:13)
  2 black mambas
  3 elephants (Lair:3)
  Maggie (D:6)
  An unseen horror (D:11)
  A gargoyle (D:13)
  6 cane toads
  A freezing wraith (D:15)
  An efreet (D:14)
  A rime drake (Lair:1)
  6 komodo dragons
  A yaktaur (D:15)
  2 kobold demonologists
  7 tyrant leeches
  2 trolls
  9 hornets
  4 polar bears
  A hornet (shapeshifter) (D:14)
  7 blink frogs
  5 slime creatures (D:14)
  3 culicivoras (Lair:2)
  3 jumping spiders (Lair:2)
  16 spriggans
  2 basilisks (D:15)
  31 yaks
  3 wraiths
  A redback (Lair:2)
  13 vampire mosquitoes
  A warg (Orc:1)
  A steam dragon (D:8)
  7 swamp worms
  An acid dragon (D:9)
  9 water moccasins
  17 orc warriors
  2 black bears (Lair:5)
  A swamp drake (Swamp:2)
  2 ice beasts
  5 ogres
  4 boggarts
  13 wolves (Lair:5)
  10 centaurs
  2 kobold brigands (D:8)
  3 bullfrogs
  A necrophage (D:4)
  2 gnoll sergeants (D:11)
  2 scorpions (D:6)
  11 wights
  4 killer bees (D:8)
  9 electric eels
  A howler monkey (D:10)
  A jelly (D:8)
  3 orc priests
  3 gnoll boudas
  A hound (D:5)
  3 iguanas
  Ijyb (D:3)
  9 orc wizards
  6 adders
  9 gnolls
  A shadow imp (D:7)
  4 white imps
  3 worms
  51 orcs
  9 ball pythons
  10 bats
  7 endoplasms
  4 giant cockroaches
  12 goblins
  11 hobgoblins
  5 jackals
  9 kobolds
  4 quokkas
  2 frilled lizards (D:3)
  6 rats
  3 briar patches (Swamp:2)
497 creatures vanquished.

Vanquished Creatures (collateral kills)
  2 thorn hunters
  A fenstrider witch (Swamp:4)
  2 hydras
  A catoblepas (D:14)
  A centaur warrior (D:14)
  A two-headed ogre (D:10)
  An orc high priest (Orc:2)
  A goliath frog (Swamp:2)
  A swamp dragon (Swamp:2)
  2 orc knights (Orc:2)
  4 orc sorcerers (Orc:2)
  2 ugly things
  A cyclops (D:12)
  3 black mambas
  A yaktaur (D:14)
  A komodo dragon (shapeshifter) (D:14)
  A rime drake (Lair:2)
  A polar bear (Lair:5)
  2 trolls (Orc:2)
  2 tyrant leeches
  6 hornets
  3 slime creatures
  2 blink frogs
  3 dream sheep (Lair:5)
  6 spriggans
  2 wyverns
  2 culicivoras (Lair:2)
  A wraith (D:12)
  2 basilisks
  10 yaks
  4 vampire mosquitoes
  A redback (Lair:2)
  2 wargs (Orc:2)
  2 acid dragons
  2 water moccasins
  An ice beast (shapeshifter) (D:13)
  12 orc warriors
  An ogre (Orc:2)
  4 black bears
  A boggart (Lair:5)
  3 centaurs (D:15)
  6 wolves (Lair:5)
  A scorpion (D:6)
  2 killer bees (D:8)
  2 electric eels
  3 orc priests (Orc:2)
  10 orc wizards
  7 gnolls
  A shadow imp (D:7)
  30 orcs
  3 kobolds (D:8)
  4 briar patches
  2 butterflies (Lair:1)
172 creatures vanquished.

Vanquished Creatures (others)
  A fenstrider witch (Swamp:4)
  2 bunyips (Swamp:1)
  A goliath frog (Swamp:1)
  A bloated husk (Swamp:1)
  A swamp worm (Swamp:1)
  A swamp drake (Swamp:1)
  A boggart (D:15)
  An orc priest (Orc:2)
  10 knights
  An orc wizard (D:15)
  A hobgoblin (D:3)
  A briar patch (Swamp:2)
  6 foxfires
  17 fungi
  29 plants
  A withered plant (D:15)
75 creatures vanquished.

Grand Total: 744 creatures vanquished

Notes
Turn   | Place    | Note
-------+----------+-------------------------------------------
     0 | D:1      | Elric the Merfolk Fighter began the quest for the Orb.
     0 | D:1      | Reached XP level 1. HP: 18/18 MP: 1/1
    22 | D:1      | Reached skill level 3 in Polearms
   139 | D:1      | Reached XP level 2. HP: 24/24 MP: 2/2
   152 | D:1      | Reached skill level 4 in Polearms
   203 | D:1      | Found a faded altar of an unknown god.
   317 | D:1      | Reached XP level 3. HP: 29/29 MP: 3/3
   632 | D:1      | Reached skill level 5 in Polearms
  1201 | D:2      | Reached XP level 4. HP: 35/35 MP: 4/4
  1487 | D:3      | Noticed an ogre
  1697 | D:3      | Gained mutation: You are frail. (-10% HP) [potion of
                  | mutation]
  1697 | D:3      | Gained mutation: Your muscles are strong. (Str +4, Int/Dex
                  | -1) [potion of mutation]
  1701 | D:3      | Killed an ogre
  1702 | D:3      | Reached skill level 7 in Polearms
  1702 | D:3      | Reached XP level 5. HP: 22/36 MP: 5/5
  1927 | D:3      | Found a stormy altar of Qazlal.
  2009 | D:3      | Found a sparkling altar of Nemelex Xobeh.
  2242 | D:3      | Noticed Ijyb
  2256 | D:3      | Killed Ijyb
  2458 | D:4      | Reached skill level 8 in Polearms
  2458 | D:4      | Reached XP level 6. HP: 34/42 MP: 6/6
  2721 | D:4      | Noticed Pikel
  2737 | D:4      | Killed Pikel
  2738 | D:4      | Reached skill level 11 in Polearms
  2738 | D:4      | Reached XP level 7. HP: 46/46 MP: 7/7
  2780 | D:4      | Reached XP level 8. HP: 21/52 MP: 8/8
  3049 | D:4      | Found a staircase to the Ecumenical Temple.
  3058 | Temple   | Entered the Ecumenical Temple
  3089 | Temple   | Became a worshipper of Hepliaklqana the Forgotten
  3275 | D:4      | Found an ornate altar of the Wu Jian Council.
  3428 | D:5      | Entered Level 5 of the Dungeon
  3535 | D:5      | Identified a scroll of acquirement
  3535 | D:5      | Acquired a +1 demon trident of electrocution
  3764 | D:5      | Reached skill level 12 in Polearms
  3863 | D:5      | Found Joet Han's Assorted Antiques.
  4500 | D:6      | You fall into a shaft and drop 2 floors!
  4540 | D:8      | Reached * piety under Hepliaklqana
  4562 | D:8      | Reached skill level 13 in Polearms
  4653 | D:7      | Identified the +1 halberd of Dividends {holy, rElec rPois
                  | rN+}
  4728 | D:7      | Reached skill level 14 in Polearms
  4728 | D:7      | Reached skill level 1 in Dodging
  4786 | D:7      | Reached XP level 9. HP: 51/51 MP: 9/9
  5072 | D:6      | Noticed Maggie
  5079 | D:6      | Killed Maggie
  5080 | D:6      | Reached skill level 5 in Dodging
  5235 | D:6      | Found a broken altar of Ashenzari.
  5512 | D:7      | Reached ** piety under Hepliaklqana
  5513 | D:7      | Remembered your ancestor Plamsamin as a knight
  5691 | D:7      | Found a glowing silver altar of Zin.
  5964 | D:8      | Reached skill level 5 in Armour
  6375 | D:8      | Reached XP level 10. HP: 56/56 MP: 10/10
  7127 | D:8      | Identified the +3 ring mail of the Lich-sworn {Harm Drain
                  | SInv Stlth+}
  7658 | D:9      | Found a radiant altar of Vehumet.
  8108 | D:9      | Found a staircase to the Lair.
  8696 | D:9      | Reached *** piety under Hepliaklqana
  8799 | D:9      | Reached skill level 10 in Dodging
  8971 | D:9      | Found a hide-covered altar of Uskayaw.
  9065 | D:10     | Entered Level 10 of the Dungeon
  9086 | D:10     | Reached XP level 11. HP: 60/60 MP: 11/11
  9134 | D:10     | Identified the +5 rapier of the Leaping Penguin {flame,
                  | Fragile rCorr Int+4}
  9135 | D:10     | Noticed a boulder beetle
  9143 | D:10     | Reached skill level 5 in Fighting
  9156 | D:10     | Noticed a two-headed ogre
  9233 | D:9      | Killed a two-headed ogre
  9236 | D:9      | Killed a boulder beetle
  9312 | D:10     | Noticed a two-headed ogre
  9316 | D:10     | Killed a two-headed ogre
 10586 | D:10     | Identified the +5 longbow of War {drain, rPois}
 11142 | D:10     | Noticed a two-headed ogre
 11246 | D:10     | Killed a two-headed ogre
 11698 | D:11     | Reached skill level 10 in Fighting
 11806 | D:11     | Reached **** piety under Hepliaklqana
 11853 | D:11     | Noticed a boulder beetle
 11872 | D:11     | Killed a boulder beetle
 11873 | D:11     | Reached skill level 5 in Shields
 11873 | D:11     | Reached XP level 12. HP: 77/77 MP: 12/12
 12225 | Lair:1   | Entered Level 1 of the Lair of Beasts
 12685 | D:12     | Found a staircase to the Orcish Mines.
 13560 | D:13     | Noticed a centaur warrior
 13570 | D:13     | Killed a centaur warrior
 14186 | D:13     | Noticed a four-headed hydra
 14188 | D:13     | Reached ***** piety under Hepliaklqana
 14192 | D:13     | Killed a four-headed hydra
 14193 | D:13     | Reached skill level 10 in Shields
 14242 | D:13     | Lost mutation: Your muscles are strong. (Str +4, Int/Dex
                  | -1) [potion of mutation]
 14242 | D:13     | Lost mutation: You are frail. (-10% HP) [potion of
                  | mutation]
 14242 | D:13     | Gained mutation: You possess an exceptional clarity of
                  | mind. [potion of mutation]
 14242 | D:13     | Gained mutation: You expend magic power (3 MP) to
                  | strengthen your wands. [potion of mutation]
 14242 | D:13     | Gained mutation: You are clumsy. (Dex -2) [potion of
                  | mutation]
 14243 | D:13     | Lost mutation: You expend magic power (3 MP) to strengthen
                  | your wands. [potion of mutation]
 14243 | D:13     | Lost mutation: You are clumsy. (Dex -2) [potion of
                  | mutation]
 14243 | D:13     | Lost mutation: You possess an exceptional clarity of mind.
                  | [potion of mutation]
 14243 | D:13     | Gained mutation: You sometimes lose your temper in combat.
                  | [potion of mutation]
 14244 | D:13     | Lost mutation: You sometimes lose your temper in combat.
                  | [potion of mutation]
 14244 | D:13     | Gained mutation: Your spells are a little easier to cast,
                  | but a little less powerful. [potion of mutation]
 14244 | D:13     | Gained mutation: Your flesh is heat resistant. (rF+)
                  | [potion of mutation]
 14244 | D:13     | Gained mutation: You possess an exceptional clarity of
                  | mind. [potion of mutation]
 14244 | D:13     | Gained mutation: You expend magic power (3 MP) to
                  | strengthen your wands. [potion of mutation]
 14360 | D:13     | Noticed a centaur warrior
 14370 | D:13     | Killed a centaur warrior
 14371 | D:13     | Reached skill level 1 in Invocations
 14371 | D:13     | Reached skill level 1 in Evocations
 14508 | D:13     | Noticed a centaur warrior
 14516 | D:13     | Killed a centaur warrior
 14719 | D:14     | Noticed a catoblepas
 14727 | D:14     | Killed a catoblepas
 14735 | D:14     | Noticed a centaur warrior
 14742 | D:14     | Killed a centaur warrior
 14743 | D:14     | Reached XP level 13. HP: 84/92 MP: 14/16
 14770 | D:14     | Reached skill level 5 in Invocations
 14952 | D:14     | Reached skill level 5 in Evocations
 15062 | D:14     | Noticed a vault guard
 15063 | D:14     | Noticed a vault guard
 15067 | D:14     | Noticed a vault guard
 15070 | D:14     | Noticed a vault guard
 15071 | D:14     | Noticed a vault guard
 15074 | D:14     | Noticed a vault guard
 15078 | D:14     | Noticed a vault guard
 15079 | D:14     | Killed a vault guard
 15080 | D:14     | Killed a vault guard
 15080 | D:14     | Killed a vault guard
 15098 | D:14     | Killed a vault guard
 15108 | D:14     | Killed a vault guard
 15118 | D:14     | Killed a vault guard
 15119 | D:14     | Killed a vault guard
 15335 | D:14     | Noticed a vault guard
 15347 | D:14     | Killed a vault guard
 15404 | D:14     | Found a gate to the Vaults.
 15655 | D:15     | Entered Level 15 of the Dungeon
 16096 | D:15     | Noticed a fire dragon
 16212 | D:14     | Reached skill level 1 in Stealth
 16212 | D:14     | Reached XP level 14. HP: 79/99 MP: 20/20
 16400 | D:15     | Reached skill level 1 in Spellcasting
 16428 | D:15     | Found a staircase to the Depths.
 16428 | D:15     | Noticed a stone giant
 16428 | D:15     | Noticed Louise
 16444 | D:15     | Killed Louise
 16452 | D:15     | Killed a stone giant
 16586 | D:15     | Found a large runed translucent door.
 16586 | D:15     | Found a large runed translucent door.
 16602 | D:15     | Noticed Omyecom's ghost (journeyman DsFi)
 17481 | Lair:1   | Noticed Erica
 17496 | Lair:1   | Killed Erica
 19034 | Lair:2   | Found a hole to the Spider Nest.
 19904 | Lair:3   | Reached ****** piety under Hepliaklqana
 19907 | Lair:3   | Found a staircase to the Swamp.
 20144 | Lair:4   | Noticed Snorg
 20149 | Lair:4   | Killed Snorg
 21030 | Lair:5   | Entered Level 5 of the Lair of Beasts
 21079 | Lair:5   | Reached XP level 15. HP: 105/105 MP: 21/21
 21095 | Lair:5   | Found a staircase to the Slime Pits.
 21096 | Lair:5   | Found a viscous altar of Jiyva.
 21278 | Lair:5   | Reached skill level 10 in Armour
 22441 | Orc:1    | Entered Level 1 of the Orcish Mines
 22483 | Orc:1    | Found Nyofiaryss's Weapon Shoppe.
 22618 | Orc:1    | Found Hilitet's Book Emporium.
 22675 | Orc:1    | Found Aseveyll's Magic Scroll Shoppe.
 22685 | Orc:1    | Bought a scroll of enchant armour for 120 gold pieces
 22973 | Orc:1    | Found Goad's Jewellery Shop.
 23003 | Orc:2    | Entered Level 2 of the Orcish Mines
 23132 | Orc:2    | Found a staircase to the Elven Halls.
 23360 | Orc:2    | Found Nuggonk's Antique Weapon Shop.
 23391 | Orc:2    | Found Uloec's Armour Shop.
 23424 | Orc:2    | Reached skill level 15 in Polearms
 23434 | Orc:2    | Found Vahon's General Store.
 23622 | Orc:2    | Bought a +0 helmet of intelligence for 195 gold pieces
 23635 | Orc:2    | Bought a scroll of teleportation for 36 gold pieces
 23635 | Orc:2    | Found Ystreug's Antique Armour Emporium.
 23637 | Orc:2    | Found Zutsilu's Jewellery Shop.
 23643 | Orc:2    | Bought a pair of embroidered gloves for 187 gold pieces
 23687 | Orc:2    | Noticed Nessos
 23691 | Orc:2    | Killed Nessos
 23864 | Orc:2    | Noticed an orc warlord
 23891 | Orc:2    | Killed an orc warlord
 24294 | Swamp:1  | Entered Level 1 of the Swamp
 24296 | Swamp:1  | Noticed Nikola
 25264 | Swamp:1  | Killed Nikola
 25997 | Swamp:2  | Noticed a thorn hunter
 26017 | Swamp:2  | Killed a thorn hunter
 26162 | Swamp:2  | Reached skill level 5 in Spellcasting
 26162 | Swamp:2  | Reached XP level 16. HP: 114/114 MP: 23/23
 26678 | Swamp:3  | Noticed Bai Suzhen
 26706 | Swamp:3  | Killed Bai Suzhen
 26718 | Swamp:3  | Noticed Jorgrun
 26752 | Swamp:3  | Killed Jorgrun
 27089 | Swamp:3  | Noticed Roxanne
 27094 | Swamp:3  | Noticed Mara
 27114 | Swamp:3  | Noticed Elric's illusion
 27365 | Swamp:4  | Entered Level 4 of the Swamp
 27372 | Swamp:4  | Noticed a fenstrider witch
 27378 | Swamp:4  | Noticed a thorn hunter
 27383 | Swamp:4  | Killed a fenstrider witch
 27384 | Swamp:4  | Reached skill level 10 in Stealth
 27388 | Swamp:4  | Noticed a fenstrider witch
 27400 | Swamp:4  | HP: 3/114 [thorn hunter/volley of thorns (29)]
 27408 | Swamp:3  | Killed a thorn hunter
 27409 | Swamp:3  | Reached skill level 16 in Polearms
 27663 | Swamp:4  | Paralysed by a fenstrider witch for 4 turns
 27676 | Swamp:4  | Killed a fenstrider witch
 27676 | Swamp:4  | Killed by an exploding bloated husk... set off by their pet

Illustrated notes

Levels and vault maps discovered:
D:1:      matt_arrival_grand_opening, layout_basic,
          ebering_ecumenical_altar_webs
D:2:      layout_basic
D:3:      layout_rooms, nemelex_diamond_rough_becter, grunt_qazlal_clouds,
          serial_glass, glass_columns_a, glass_columns_a, due_unseen_surprise,
          minmay_strange_pillars, minmay_strange_pillars, feat_on_display,
          st_stairs_7, minmay_randomly_rotated_circles, uniq_ijyb
D:4:      layout_basic, nicolae_wu_jian_glorious_leap, lemuel_temple_firewalk_a,
          nrook_loot_triangle, uniq_pikel
D:5:      layout_basic, serial_shops, shop
D:6:      layout_cave_pools, nicolae_overflow_crystal_walls,
          hangedman_abyss_or_decor_stabs, uniq_maggie
D:7:      layout_gridville, zin_treasury
D:8:      layout_basic, nicolae_fountain_basement
D:9:      layout_small_grid, nicolae_vehumet_radiance, general_overflow_altar,
          david_lair_shrubbed
D:10:     layout_basic, serial_bayou_lagoon_a, kennysheep_kite_vault
D:11:     layout_basic
D:12:     layout_grid_maze, orc_0_dummy
D:13:     layout_irregular_city
D:14:     layout_rooms, erik_vaults_2, nicolae_twisting_strands
D:15:     grunt_enter_depths_snipers, layout_cave_pools,
          ebering_ghost_disaster_area, argonaut_gorgonesque, uniq_louise
Temple:   hellmonk_temple_two_chambers
Lair:1:   layout_cellular_growth, portal_ice_cave_entry_pillars_1,
          hangedman_lair_unloving_vines, guppyfry_lair_drakes,
          infiniplex_staircase_pool_2, lemuel_fruit_fields, uniq_erica
Lair:2:   layout_regular_city, nicolae_spider_entry_tight_spaces
Lair:3:   layout_roguey, minmay_swamp_entry_worms, grunt_megastairs_4,
          serial_bayou_shore_b, serial_bayou_shore_b
Lair:4:   layout_gridlike, uniq_snorg
Lair:5:   minmay_lair_end_enchanted_forest, layout_regular_city, slime_entry_1,
          dreamdust_gnoll_shepherd, grunt_megastairs_2
Swamp:1:  layout_falls_marsh, hangedman_swamp_ruin_wall, uniq_nikola
Swamp:2:  layout_basic_swamp, evilmike_swamp_ruin_house_2
Swamp:3:  layout_basic_swamp, nicolae_swamp_tree_isthmus, uniq_bai_suzhen,
          uniq_roxanne, uniq_jorgrun, uniq_mara
Swamp:4:  swamp_basic_johnstein, layout_basic_swamp, infiniplex_staircase_pool
Orc:1:    layout_caves, serial_shops, nicolae_shop_advertising_works
          [nicolae_subvault_shop_adworks], nicolae_shop_behind_doors,
          nicolae_square_shop, nicolae_shop_bloodbath_and_beyond,
          nicolae_shop_hallway_plus, roderic_batcave
Orc:2:    st_orc_elflike, layout_diamond_mine, basic_altar, serial_shops,
          nicolae_shop_behind_doors, nicolae_orc_flooded_monolith,
          nicolae_orc_lava_room, uniq_nessos

Skill      XL: |  1  2  3  4  5  6  7  8  9 10 11 12 13 14 15 16 |
---------------+-------------------------------------------------+-----
Polearms       | 3 4 5 7 8 11 14 15 16 | 16.0
Dodging        | 2 7 11 12 | 12.3
Armour         | 5 7 9 11 | 11.4
Fighting       | 10 11 12 | 12.2
Shields        | 5 10 | 10.5
Invocations    | 4 9 |  9.1
Evocations     | 3 8 |  8.3
Stealth        | 1 3 10 | 10.0
Spellcasting   | 2 5 |  5.6

Action                   |  1- 3 |  4- 6 |  7- 9 | 10-12 | 13-15 | 16-18 || total
-------------------------+-------+-------+-------+-------+-------+-------++-------
Melee: Trident           |   141 |   157 |    59 |       |       |       ||   357
       Demon trident     |       |       |   188 |   381 |  1095 |   170 ||  1834
       Tailslap          |       |       |       |     1 |     9 |     1 ||    11
Throw: Throwing net      |       |       |     1 |       |     2 |       ||     3
Invok: Ancestor Life: Kn |       |       |     1 |       |       |       ||     1
       Recall Ancestor   |       |       |       |     1 |     6 |     4 ||    11
       Ancestor Identity |       |       |       |     1 |       |       ||     1
       Idealise          |       |       |       |       |     3 |       ||     3
Evoke: Wand              |       |       |       |     4 |     1 |       ||     5
  Use: Potion            |       |     2 |       |     4 |       |     6 ||    12
       Scroll            |       |    11 |     9 |     5 |    15 |     2 ||    42
 Stab: Distracted        |       |       |     1 |     6 |     9 |     3 ||    19
       Held in net/web   |       |       |     1 |       |       |       ||     1
       Sleeping          |       |       |       |     3 |     4 |       ||     7
Armor: Scale mail        |    46 |    52 |    31 |     3 |       |       ||   132
       Acid dragon scale |       |       |       |    41 |    27 |       ||    68
       Fire dragon scale |       |       |       |       |   141 |    76 ||   217
Dodge: Dodged            |    52 |    31 |    34 |    74 |   216 |    41 ||   448
Block: Buckler           |    23 |    55 |    45 |    62 |    89 |       ||   274
       Reflection        |       |       |     1 |    12 |    22 |     4 ||    39
       Kite shield       |       |       |       |       |   360 |    82 ||   442

Table legend: (Time is in decaauts)
 A = Elapsed time spent in this place.
 B = Non-inter-level travel time spent in this place.
 C = Inter-level travel time spent in this place.
 D = Time resting spent in this place.
 E = Time spent auto-exploring this place.
 F = Levels seen in this place.
 G = Mean time per level.
                   A        B        C        D        E       F      G
               +--------+--------+--------+--------+--------+-----+--------+
         Total |  26841 |  25333 |   1508 |   6465 |  14944 |  27 |  994.1 |
       Dungeon |  17031 |  15937 |   1094 |   4854 |   8616 |  15 | 1135.4 |
        Temple |     37 |     37 |      0 |      0 |      0 |   1 |   37.0 |
          Lair |   5984 |   5644 |    340 |   1104 |   3847 |   5 | 1196.8 |
         Swamp |   2196 |   2156 |     40 |    507 |   1183 |   4 |  549.0 |
  Orcish Mines |   1591 |   1559 |     32 |      0 |   1298 |   2 |  795.5 |
               +--------+--------+--------+--------+--------+-----+--------+

Top non-repeatable levels by time:
     D:9: 2180 daAuts
    D:10: 2127 daAuts
  Lair:3: 1775 daAuts
     D:8: 1551 daAuts
    D:12: 1315 daAuts
    D:13: 1268 daAuts
  Lair:5: 1163 daAuts
  Lair:2: 1107 daAuts
    D:15: 1072 daAuts
    D:14: 1072 daAuts
  Lair:1: 1061 daAuts
     D:5: 1054 daAuts
 Swamp:2: 1053 daAuts
   Orc:2: 1039 daAuts
     D:4: 970 daAuts
